 Dungeon Crawl Stone Soup version 0.18.1-8-gdd0e5ea (webtiles) character file.

503866 Shtopit the Demonic Blade (level 24, -2/202 HPs)
             Began as a Demonspawn Berserker on May 24, 2016.
             Was the Champion of Trog.
             Slain by a death scarab (5 damage)
             ... summoned by a greater mummy
             ... on level 1 of the Tomb of the Ancients.
             The game lasted 05:49:15 (83464 turns).

Shtopit the Demonic Blade (Demonspawn Berserker)   Turns: 83464, Time: 05:49:18

Health: -2/202     AC: 39    Str: 18 (26) XL:     24   Next: 10%
Magic:  35/35      EV:  5    Int: 10 (14) God:    Trog [******]
Gold:   3271       SH:  8    Dex: 14      Spells: 0 memorised, 23 levels left

rFire  + . .     SeeInvis +     r - +6 double sword (slice)
rCold  + . .     Gourm    .     u - +7 plate armour "Cydomonk" {rElec SInv}
rNeg   + + +     Faith    .     Z - +3 buckler {rF+}
rPois  .         Spirit   .     (helmet unavailable)
rElec  +         Dismiss  .     Y - +2 cloak {MR+}
rCorr  .         Reflect  .     I - +2 pair of gloves
SustAt .         Harm     .     j - +2 pair of boots of the Enchanted Forest {MR- Int+3 Slay+3}
MR     +++++     Clarity  +     t - amulet of the Four Winds {rN+ MR+++ Clar}
Stlth  ..........               w - ring of protection from magic
                                v - ring of positive energy

@: exhausted, slowed, very slow, almost entirely resistant to hostile
enchantments, extremely unstealthy
A: horns 3, yellow scales 2, cold resistance 1, foul stench 1, icemail, negative
energy resistance 1, 50% torment resistance, rot immunity, freezing cloud
immunity
a: Berserk, Trog's Hand, Brothers in Arms, Burn Spellbooks, Renounce Religion
}: 2/15 runes: barnacled, gossamer


You were on level 1 of the Tomb of the Ancients.
You worshipped Trog.
Trog was exalted by your worship.
You were not hungry.

You visited 10 branches of the dungeon, and saw 47 of its levels.
You visited 1 bazaar.
You also visited: Bailey, Ice Cave and Volcano.

You collected 7728 gold pieces.
You spent 4417 gold pieces at shops.

Inventory:

Hand Weapons
 b - a +4 scimitar of flaming
 f - a +3 double sword of freezing
 o - a +0 hand crossbow
 r - a +6 double sword of slicing (weapon)
 L - a +3 double sword of electrocution
 N - a +4 antimagic demon blade
Missiles
 x - 752 bolts
Armour
 j - the +2 pair of boots of the Enchanted Forest (worn) {MR- Int+3 Slay+3}
   (You found it on level 1 of the Elven Halls)

   It affects your intelligence (+3).
   It affects your accuracy and damage with ranged weapons and melee attacks
   (+3).
   It affects your resistance to hostile enchantments.
 u - the +7 plate armour "Cydomonk" (worn) {rElec SInv}
   (You found it on level 8 of the Dungeon)

   It insulates you from electricity.
   It lets you see invisible.
 I - a +2 pair of gloves (worn)
 Y - a +2 cloak of magic resistance (worn)
 Z - a +3 buckler of fire resistance (worn)
Rods
 a - a +2 rod of ignition (9/9)
   (You bought it in a shop on level 4 of the Vaults)
 s - a +9 iron rod (13/13)
   (You found it in an ice cave)
 C - a +2 lightning rod (9/9)
   (You bought it in a shop on level 4 of the Vaults)
Jewellery
 c - an uncursed ring of resist corrosion
 l - an uncursed ring of poison resistance
 n - an uncursed ring of protection from fire
 p - the cursed ring "Leg Ate" {rElec MR+ MP+9 Int-4 Dex-5}
   (You took it off a deep elf annihilator on level 3 of the Elven Halls)

   [ring of intelligence]

   It affects your intelligence (-4).
   It affects your dexterity (-5).
   It insulates you from electricity.
   It affects your resistance to hostile enchantments.
   It affects your magic capacity (+9).
   It has a curse placed upon it.
 t - the amulet of the Four Winds (around neck) {rN+ MR+++ Clar}
   (You took it off a deep elf demonologist on level 3 of the Elven Halls)

   [amulet of nothing]

   It protects you from negative energy.
   It affects your resistance to hostile enchantments.
   It protects you against confusion.
 v - a ring of positive energy (left hand)
 w - a ring of protection from magic (right hand)
 y - an uncursed ring of protection from fire
Wands
 i - a wand of teleportation (6/9)
 K - a wand of teleportation (8/9)
 S - a wand of disintegration (20/24)
 X - a wand of digging (19/24)
Scrolls
 h - 2 scrolls of brand weapon
 z - 2 scrolls of summoning
 B - 24 scrolls of remove curse
 D - 7 scrolls of enchant armour
 E - 11 scrolls of teleportation
 G - 7 scrolls of identify
 H - 5 scrolls of fear
 J - 2 scrolls of magic mapping
 O - 8 scrolls of fog
Potions
 F - 18 potions of curing
 M - 2 potions of flight
 P - a potion of heal wounds
 Q - 3 potions of magic
 R - 4 potions of agility
 U - 4 potions of might
 V - a potion of cure mutation
 W - 3 potions of resistance
Miscellaneous
 d - a sack of spiders
 e - a lamp of fire
 g - a phial of floods
 k - a fan of gales
 A - a box of beasts {used: 1}
 T - a disc of storms
Comestibles
 m - 24 meat rations
 q - 6 bread rations


   Skills:
 + Level 19.5 Fighting
   Level 1.0(16.6) Short Blades
 * Level 24.1 Long Blades
   Level 2.0 Slings
 + Level 18.0 Armour
 + Level 8.5 Dodging
 - Level 0.6 Stealth
 - Level 5.3 Shields
 * Level 17.4 Evocations


You had 23 spell levels left.
You didn't know any spells.

Dungeon Overview and Level Annotations

Branches:
Dungeon (15/15)            Temple (0/1) D:4            Lair (8/8) D:11
 Shoals (4/4) Lair:6       Spider (4/4) Lair:4        Slime (2/6) Lair:8
    Orc (2/2) D:10            Elf (3/3) Orc:2        Vaults (4/5) D:14
  Crypt (3/3) Vaults:2       Tomb (2/3) Crypt:3      Depths (0/5) D:15

Altars:
Cheibriados
Dithmenos
Elyvilon
Gozag
Makhleb
Okawaru
Qazlal
Sif Muna
Trog
Yredelemnul
The Shining One

Shops:
D:5 (   D:8 :   Orc:2 %(:(%!((   Shoals:3 %   Vaults:2 *   Vaults:4 }

Portals:
Pandemonium: Orc:2

Annotations:
D:3 1 runed door


Innate Abilities, Weirdness & Mutations

You have a pair of large horns on your head.
You are mostly covered in yellow scales (AC +3).
Your flesh is cold resistant.
You may emit foul miasma when damaged in melee.
A meltable icy envelope protects you from harm (AC +0).
You resist negative energy.
You are somewhat able to resist unholy torments (1 in 2 success).
You are immune to rotting.
You are immune to freezing clouds.


Message History

* * * LOW HITPOINT WARNING * * *
The death scarab drains your vigour!
You already are as slow as you could be.
The death scarab twitches its antennae in your direction.
The death scarab bites you but does no damage.
The death scarab closely misses you.
The death scarab bites you but does no damage.
You block the death scarab's attack.
The death scarab bites you but does no damage.
The death scarab bites you.
* * * LOW HITPOINT WARNING * * *
You block the death scarab's attack. The death scarab closely misses you.
There is a stone staircase leading down, spattered with blood here.
The death scarab twitches its antennae in your direction.
You block the death scarab's attack. The death scarab bites you.
* * * LOW HITPOINT WARNING * * *
The death scarab drains your vigour!
You feel as though you will be slow longer.
The death scarab bites you.
You die...

#)........# #..#######.........
#.........# #..................
#.........# ##############.....
#.........# ## ##'''' #.........#
..## #..... #.........# ####§..##
#.8... #.........# ##§..#...#
#..... #...).....# ##BB§§.#§..
#..... #.........# #@BMB§..#
#.8... #.........#
##B.§..#...##..... #........M#
##§..#...###..... #.........#
####...## #.8... #.........# ..##
#..... #.........# .## #.....
#.......M(# ## #.8...
#.......[)##################.....
#..............M.................


You could see a greater mummy and 5 death scarabs.

Vanquished Creatures
  Mara (Vaults:2)
  An ancient lich (Crypt:3)
  Boris (Tomb:1)
  9 greater mummies (Tomb:1)
  Frederick (Vaults:3)
  Jory (Tomb:1)
  A bone dragon (Crypt:3)
  3 liches
  2 deep elf master archers (Elf:3)
  3 deep elf blademasters
  An acid blob (Slime:1)
  Gastronok (Lair:1)
  Polyphemus (Shoals:2)
  6 sphinxes
  5 ancient champions
  A shadow dragon (Vaults:3)
  A tengu reaver (Vaults:2)
  3 revenants
  Ilsuiw (Shoals:4)
  2 storm dragons
  Wiglaf (Elf:2)
  A frost giant (Vaults:2)
  An azure jelly (Slime:1)
  A fire giant (Vaults:4)
  3 deep elf sorcerers
  Donald (Vaults:1)
  Maud (Orc:2)
  3 emperor scorpions
  9 vault wardens
  6 ghost moths
  Aizul (Vaults:4)
  5 ghouls
  3 deep elf elementalists (Elf:3)
  3 reapers (Crypt:2)
  2 curse skulls
  A caustic shrike skeleton (Crypt:1)
  13 ironheart preservers
  4 war gargoyles
  6 stone giants
  A salamander stormcaller (Vaults:4)
  2 deep elf demonologists (Elf:3)
  8 deep elf annihilators
  4 vampire knights
  2 bennus
  An ettin (Vaults:3)
  3 eidola
  A spark wasp (Spider:4)
  3 crystal guardians (Crypt:3)
  9 deep elf death magi
  4 merfolk javelineers (Shoals:4)
  3 fire dragons
  Snorg (D:11)
  A fire dragon (shapeshifter) (Elf:2)
  3 vault guards
  11 mummy priests
  8 jiangshi
  9 merfolk impalers
  A quicksilver dragon zombie (Tomb:1)
  8 yaktaur captains
  3 deep elf high priests (Elf:3)
  3 great orbs of eyes
  Fannar (D:12)
  A merfolk avatar (Shoals:4)
  3 entropy weavers
  5 ice dragons
  5 hydras
  A catoblepas (Shoals:3)
  11 centaur warriors
  A merfolk aquamancer (Shoals:4)
  An alligator snapping turtle (Shoals:4)
  15 ogre magi
  Erica (D:8)
  A queen ant (Spider:4)
  4 death knights
  11 death yaks
  2 titan zombies
  2 tengu warriors
  Urug (Volcano)
  38 dancing weapons
  4 vampire magi (Crypt:2)
  9 orc high priests (Orc:2)
  6 hell knights (Crypt:3)
  A fire crab (Vaults:2)
  2 soul eaters
  28 deep elf knights
  2 shadow wraiths
  A small abomination (Elf:1)
  36 skeletal warriors
  A storm dragon zombie (Crypt:3)
  10 sea snakes
  A salamander mystic (Vaults:4)
  3 wizards
  2 fire crabs (shapeshifter)
  4 deep trolls (Vaults:2)
  2 storm dragon skeletons (Vaults:4)
  4 flayed ghosts
  23 death scarabs
  2 unseen horrors (Vaults:1)
  A shadow dragon zombie (Vaults:4)
  2 torturous demonspawn (Orc:2)
  A golden dragon zombie (Crypt:3)
  2 lindwurms
  13 necromancers
  6 hill giants
  20 deep elf archers
  An infernal demonspawn (Orc:2)
  10 ironbrand convokers
  6 phantasmal warriors
  13 harpies
  8 anubis guards (Tomb:1)
  7 griffons
  20 orb spiders
  41 wolf spiders
  18 orc knights
  2 wolf spider zombies
  A frost giant zombie (Vaults:4)
  33 ugly things
  3 fauns (Shoals:2)
  8 cyclopes
  10 manticores
  4 orc sorcerers
  75 deep elf magi
  2 shining eyes (Slime:1)
  An iron dragon zombie (Crypt:2)
  A salamander (shapeshifter) (Vaults:3)
  2 salamanders (Vaults:4)
  8 hornets
  2 moths of wrath (shapeshifter)
  A shadow dragon skeleton (Crypt:3)
  A moth of wrath (Spider:4)
  3 ice statues (IceCv)
  2 frost giant skeletons
  Psyche (D:10)
  5 sirens
  11 elephants
  7 black mambas
  A sixfirhy (Orc:2)
  A guardian serpent (shapeshifter) (Elf:3)
  10 torpor snails
  19 vault sentinels
  2 centaur skeletons
  A rust devil (Orc:2)
  24 spiny frogs
  A guardian serpent (Lair:8)
  5 water nymphs
  2 orange demons (Elf:2)
  A yaktaur zombie (Vaults:4)
  10 gargoyles
  2 rime drakes
  A dire elephant skeleton (Crypt:1)
  2 efreet
  5 demonic crawlers
  8 freezing wraiths
  A rime drake (shapeshifter) (Vaults:4)
  25 yaktaurs
  A green draconian skeleton (Crypt:2)
  13 komodo dragons
  3 human skeletons
  A tengu conjurer (D:15)
  A red devil (Orc:2)
  16 guardian mummies
  A hydra zombie (Crypt:3)
  34 jumping spiders
  8 trolls
  20 merfolk
  A polar bear (shapeshifter) (Vaults:3)
  A wind drake (shapeshifter) (Elf:2)
  18 two-headed ogres
  A jumping spider zombie (Crypt:1)
  47 slime creatures
  5 giant leeches (Lair:8)
  28 blink frogs
  2 wind drakes
  A minotaur skeleton (Crypt:2)
  A harpy skeleton (Crypt:2)
  5 snapping turtles
  A griffon zombie (Crypt:1)
  2 ice dragon zombies (Crypt:2)
  2 bog bodies (Crypt:2)
  3 ushabtiu (Tomb:1)
  7 boulder beetles
  A black mamba zombie (Crypt:3)
  A fire dragon zombie (Tomb:1)
  36 flying skulls
  3 air elementals
  A frost giant simulacrum (Vaults:4)
  An ice dragon skeleton (Tomb:1)
  A shadow (D:12)
  A centaur simulacrum (D:15)
  A satyr zombie (Crypt:2)
  A tarantella (shapeshifter) (Vaults:4)
  16 wraiths
  A ynoxinul (Orc:2)
  5 water elementals
  Sigmund (D:6)
  19 humans (D:14)
  56 yaks
  A redback (shapeshifter) (Vaults:1)
  77 redbacks
  30 tarantellas
  2 basilisks
  16 wyverns
  7 fire elementals
  13 hippogriffs
  3 hungry ghosts
  8 vampire mosquitoes
  Grum (D:8)
  4 golden eyes
  8 swamp worms (Lair:4)
  3 insubstantial wisps (Elf:1)
  A neqoxec (Orc:2)
  2 spatial vortices (Elf:1)
  2 mottled dragons
  5 wargs (Orc:2)
  4 soldier ants (Spider:4)
  20 water moccasins
  A hell hound (shapeshifter) (Vaults:3)
  10 porcupines
  8 ice beasts
  A giant eyeball (shapeshifter) (Vaults:4)
  57 orc warriors
  6 necrophages (Crypt:3)
  4 sky beasts
  2 black bears
  2 phantoms
  A manticore zombie (Crypt:3)
  7 wasps
  35 wolves
  29 centaurs
  50 ogres
  17 crocodiles
  A snapping turtle skeleton (Tomb:1)
  Blork the orc (D:6)
  3 big kobolds
  A big kobold (shapeshifter) (Elf:2)
  25 giant frogs
  A gnoll sergeant (D:11)
  2 wyvern zombies
  4 earth elementals
  An elf skeleton (Crypt:1)
  A warg zombie (Crypt:1)
  7 scorpions
  A wyvern skeleton (D:14)
  A yak zombie (Crypt:1)
  16 killer bees
  14 wights
  A raiju skeleton (Crypt:2)
  3 electric eels
  4 howler monkeys
  8 crimson imps
  A human zombie (Crypt:1)
  3 centaur zombies
  3 quasits
  2 giant frog zombies
  10 jellies
  4 giant frog skeletons
  2 gnoll shamans
  19 orc wizards
  36 orc priests
  8 hounds
  A two-headed ogre zombie (Crypt:1)
  5 iguanas
  44 worker ants
  5 hell rats (Lair:3)
  24 sheep
  A killer bee zombie (Crypt:1)
  44 mummies
  3 worker ant zombies
  12 gnolls
  18 adders
  79 river rats
  5 shadow imps
  2 oozes (D:1)
  An adder zombie (D:8)
  33 worms
  3 adder skeletons
  2 dart slugs
  5 giant geckos
  138 orcs
  2 ball pythons
  10 giant cockroaches
  7 goblins
  7 hobgoblins
  15 jackals
  20 kobolds
  5 quokkas
  6 bats
  3 giant newts
  2 quokka skeletons (D:4)
  A quokka zombie (D:7)
  17 rats
  A river rat skeleton (Crypt:1)
  A bush (Lair:7)
  A butterfly (Lair:4)
  2 fungi (Lair:5)
  11 plants
2441 creatures vanquished.

Vanquished Creatures (collateral kills)
  2 deep elf sorcerers (Elf:3)
  A deep elf elementalist (Elf:3)
  A deep elf annihilator (Elf:3)
  2 deep elf demonologists
  A mummy priest (Tomb:1)
  A merfolk impaler (Shoals:4)
  2 deep elf high priests (Elf:1)
  2 alligator snapping turtles (Shoals:4)
  A dancing weapon (Elf:1)
  An orc high priest (Elf:1)
  A deep elf knight (Elf:3)
  A death scarab (Tomb:1)
  A deep elf archer (Elf:1)
  An ogre (D:8)
  2 orc priests (D:8)
  An orc wizard (D:8)
  A mummy (Tomb:1)
  4 orcs (D:8)
26 creatures vanquished.

Vanquished Creatures (others)
  A deep elf knight (Elf:1)
  28 death scarabs
  A storm dragon skeleton (Tomb:1)
  A skeletal warrior (Tomb:1)
  An unseen horror (D:12)
  A deep elf mage (Elf:1)
  2 wolf spiders
  A vault sentinel (Vaults:1)
  A guardian mummy (Tomb:2)
  An ice dragon skeleton (Tomb:2)
  A redback (Spider:4)
  An ogre (Vaults:1)
  2 orc priests (Elf:1)
  A sheep (Vaults:1)
  3 mummies
  A bush (Lair:8)
  1650 eldritch tentacle segments (Elf:1)
  77 fungi
  8 lost souls
  70 plants
1852 creatures vanquished.

Grand Total: 4319 creatures vanquished

Notes
Turn   | Place    | Note
--------------------------------------------------------------
     0 | D:1      | Shtopit the Demonspawn Berserker began the quest for the Orb.
     0 | D:1      | Reached XP level 1. HP: 18/18 MP: 1/1
    41 | D:1      | Reached skill level 3 in Long Blades
    41 | D:1      | Gained mutation: Your flesh is cold resistant. [demonic ancestry]
    41 | D:1      | Reached XP level 2. HP: 12/24 MP: 2/2
   629 | D:1      | Reached XP level 3. HP: 28/29 MP: 3/3
  1596 | D:2      | Reached ** piety under Trog
  2085 | D:2      | Reached XP level 4. HP: 30/37 MP: 4/4
  2464 | D:3      | Found an opulent altar of Gozag.
  2958 | D:3      | Found a glowing golden altar of the Shining One.
  2958 | D:3      | Found a runed door.
  2958 | D:3      | Noticed an angel
  3173 | D:4      | Reached *** piety under Trog
  3199 | D:4      | Found a staircase to the Ecumenical Temple.
  3280 | D:4      | Gained mutation: You are immune to freezing clouds. [demonic ancestry]
  3280 | D:4      | Reached XP level 5. HP: 6/42 MP: 5/5
  4178 | D:4      | Reached XP level 6. HP: 42/48 MP: 6/6
  4298 | D:4      | Reached skill level 1 in Shields
  4552 | D:4      | Reached skill level 4 in Long Blades
  4910 | D:5      | Entered Level 5 of the Dungeon
  4961 | D:4      | Gained mutation: You are immune to rotting. [demonic ancestry]
  4961 | D:4      | Reached XP level 7. HP: 55/55 MP: 7/7
  5467 | D:5      | Found Cowiggeo's Antique Weapon Shoppe.
  5672 | D:5      | Reached **** piety under Trog
  5730 | D:5      | Reached skill level 5 in Fighting
  5730 | D:5      | Reached skill level 5 in Long Blades
  5837 | D:5      | Gained mutation: You have a pair of small horns on your head. [demonic ancestry]
  5837 | D:5      | Reached XP level 8. HP: 55/62 MP: 8/8
  6013 | D:5      | Got a faintly glowing hand axe
  6268 | D:5      | Found an iron altar of Okawaru.
  6554 | D:6      | Reached skill level 5 in Armour
  6595 | D:6      | Noticed Sigmund
  7011 | D:6      | Killed Sigmund
  7082 | D:6      | Found a white marble altar of Elyvilon.
  7130 | D:6      | Reached skill level 6 in Long Blades
  7694 | D:6      | Noticed Blork the orc
  7703 | D:6      | Killed Blork the orc
  7863 | D:6      | Found a snail-covered altar of Cheibriados.
  7943 | D:6      | Found a bloodstained altar of Trog.
  8406 | D:7      | Reached XP level 9. HP: 64/69 MP: 9/9
  8778 | D:7      | Found a burning altar of Makhleb.
  8781 | D:7      | Found a shadowy altar of Dithmenos.
  8866 | D:7      | Found a stormy altar of Qazlal.
 10076 | D:8      | Found Duzisimm's Book Boutique.
 10428 | D:8      | Got a distressingly furry plate armour
 10489 | D:8      | Noticed Grum
 10495 | D:8      | Reached skill level 7 in Long Blades
 10510 | D:8      | Killed Grum
 10516 | D:8      | Reached ***** piety under Trog
 10695 | D:8      | Found a basalt altar of Yredelemnul.
 10746 | D:8      | Noticed Erica
 10757 | D:8      | Killed Erica
 10757 | D:8      | Gained mutation: You may emit foul miasma when damaged in melee. [demonic ancestry]
 10757 | D:8      | Reached XP level 10. HP: 79/79 MP: 10/10
 10847 | D:8      | Reached skill level 5 in Dodging
 11239 | D:8      | Identified the +7 plate armour "Cydomonk" {rElec SInv} (You found it on level 8 of the Dungeon)
 11262 | D:8      | Gained mutation: You tend to lose your temper in combat. [potion of mutation]
 11262 | D:8      | Gained mutation: Your body sometimes deteriorates upon taking damage. [potion of mutation]
 11262 | D:8      | Gained mutation: Your magical capacity is low (-10% MP). [potion of mutation]
 11263 | D:8      | Lost mutation: Your magical capacity is low (-10% MP). [potion of cure mutation]
 11263 | D:8      | Lost mutation: You tend to lose your temper in combat. [potion of cure mutation]
 11263 | D:8      | Lost mutation: Your body sometimes deteriorates upon taking damage. [potion of cure mutation]
 11570 | D:9      | Reached skill level 8 in Long Blades
 11656 | D:9      | Paralysed by an orc for 4 turns
 11667 | D:9      | Noticed a hill giant
 11705 | D:9      | Killed a hill giant
 12248 | D:10     | Entered Level 10 of the Dungeon
 12348 | D:10     | Reached skill level 5 in Shields
 12470 | D:10     | Noticed Psyche
 12773 | D:10     | Received a gift from Trog
 12999 | D:10     | Found a staircase to the Orcish Mines.
 13461 | D:11     | Reached XP level 11. HP: 72/87 MP: 3/11
 13708 | D:11     | Reached skill level 1 in Evocations
 13719 | D:11     | Reached skill level 9 in Long Blades
 13897 | D:11     | Noticed a purple ugly thing
 13906 | D:11     | Killed a purple ugly thing
 14086 | D:11     | Found a staircase to the Lair.
 14176 | D:11     | Noticed an eight-headed hydra
 14183 | D:11     | Killed a six-headed hydra
 14187 | D:11     | Received a gift from Trog
 15028 | D:11     | Noticed Snorg
 15041 | D:11     | Killed Snorg
 15277 | D:12     | Reached skill level 10 in Long Blades
 15297 | D:12     | Noticed a hill giant
 15305 | D:12     | Killed a hill giant
 15402 | D:12     | Noticed Fannar
 15409 | D:12     | Killed Fannar
 15409 | D:12     | Gained mutation: A meltable icy envelope protects you from harm (AC +0). [demonic ancestry]
 15409 | D:12     | Reached XP level 12. HP: 97/97 MP: 15/15
 15476 | D:12     | Reached skill level 5 in Evocations
 15484 | D:12     | Found a flagged portal.
 15641 | Bailey   | Entered a bailey
 15706 | Bailey   | Received a gift from Trog
 15707 | Bailey   | Got a polished quick blade {god gift}
 16052 | Bailey   | Reached skill level 10 in Fighting
 16855 | D:12     | Reached skill level 1 in Slings
 17370 | D:12     | Noticed a war gargoyle
 17378 | D:12     | Killed a war gargoyle
 17378 | D:12     | Reached skill level 11 in Long Blades
 17448 | D:12     | Identified the +12 quick blade "Xaagiclell" {pierce, +Rage rElec} (Trog gifted it to you in a bailey)
 17546 | D:13     | Noticed a centaur warrior
 17566 | D:13     | Killed a centaur warrior
 17566 | D:13     | Reached skill level 10 in Armour
 17719 | D:13     | Found a frozen archway.
 17742 | IceCv    | Entered an ice cave
 18206 | D:13     | Reached skill level 1 in Short Blades
 18421 | D:13     | Reached XP level 13. HP: 98/104 MP: 18/18
 19585 | D:14     | Reached ****** piety under Trog
 19714 | D:14     | Reached skill level 12 in Long Blades
 20106 | D:14     | Found a gate to the Vaults.
 20106 | D:14     | Noticed a vault guard
 20106 | D:14     | Noticed a vault guard
 20131 | D:14     | Killed a vault guard
 20144 | D:14     | Killed a vault guard
 20144 | D:14     | Received a gift from Trog
 20595 | D:15     | Entered Level 15 of the Dungeon
 21196 | D:15     | Found a staircase to the Depths.
 21458 | D:15     | Reached XP level 14. HP: 94/114 MP: 20/20
 21770 | D:15     | Reached skill level 13 in Long Blades
 22199 | D:10     | Killed Psyche
 22438 | Orc:1    | Entered Level 1 of the Orcish Mines
 22611 | Orc:2    | Entered Level 2 of the Orcish Mines
 22628 | Orc:2    | Found Wumo's Weapon Shop.
 22743 | Orc:1    | Received a gift from Trog
 23058 | Orc:2    | Found Tuxer's Food Shop.
 23080 | Orc:2    | Found Duiwna's Weapon Emporium.
 23086 | Orc:2    | Noticed Maud
 23107 | Orc:2    | Killed Maud
 23156 | Orc:2    | Found a flickering gateway to a bazaar.
 23165 | Bazaar   | Entered a bazaar
 23170 | Bazaar   | Found Ryesedgh's Gadget Shop.
 23202 | Bazaar   | Found Juangie's Antique Armour Shop.
 23224 | Bazaar   | Bought a wand of teleportation (5/9) for 405 gold pieces
 23238 | Bazaar   | Bought a runed cloak for 126 gold pieces
 23669 | Orc:2    | Found a staircase to the Elven Halls.
 23684 | Orc:2    | Found Qeymijuf's Weapon Shoppe.
 24378 | Orc:2    | Found Giulikhleq's Food Boutique.
 24379 | Orc:2    | Found Anaymits's Distillery.
 24621 | Orc:2    | Received a gift from Trog
 25357 | Orc:2    | Found Eskugumo's Antique Weapon Emporium.
 25357 | Orc:2    | Found a one-way gate leading to the halls of Pandemonium.
 25357 | Orc:2    | Found Guh Beoli's Book Shoppe.
 25372 | Orc:2    | Reached skill level 10 in Evocations
 25402 | Orc:2    | Bought a dazzling scimitar for 351 gold pieces
 25402 | Orc:2    | Identified the +5 scimitar of Lenoamyn {slice, rElec MR++} (You bought it in a shop on level 2 of the Orcish Mines)
 26462 | Lair:1   | Entered Level 1 of the Lair of Beasts
 26784 | Lair:1   | Noticed Gastronok
 26794 | Lair:1   | Killed Gastronok
 26794 | Lair:1   | Reached skill level 14 in Long Blades
 26835 | Lair:1   | Gained mutation: You resist negative energy. [demonic ancestry]
 26835 | Lair:1   | Reached XP level 15. HP: 122/122 MP: 22/22
 26839 | Lair:1   | Received a gift from Trog
 28971 | Lair:3   | Received a gift from Trog
 29930 | Lair:4   | Found a hole to the Spider Nest.
 31222 | Lair:5   | Received a gift from Trog
 31435 | Lair:5   | Found a dark tunnel.
 31444 | Volcano  | Entered a volcano
 31464 | Volcano  | Noticed Urug
 31479 | Volcano  | Killed Urug
 32575 | Lair:6   | Received a gift from Trog
 33011 | Lair:6   | Found a staircase to the Shoals.
 33609 | Lair:7   | Reached skill level 15 in Long Blades
 34726 | Lair:8   | Entered Level 8 of the Lair of Beasts
 34795 | Lair:8   | Found a staircase to the Slime Pits.
 34816 | Lair:8   | Received a gift from Trog
 34953 | Lair:8   | Gained mutation: You are partially covered in yellow scales (AC +2). [demonic ancestry]
 34953 | Lair:8   | Reached XP level 16. HP: 120/131 MP: 8/24
 35433 | Lair:8   | Received a gift from Trog
 36801 | Lair:8   | Found a runed door.
 36893 | Lair:8   | Received a gift from Trog
 37194 | Spider:1 | Entered Level 1 of the Spider Nest
 37204 | Lair:4   | Paralysed by a hornet for 2 turns
 37669 | Orc:2    | Bought a manual of Armour for 1435 gold pieces
 38014 | Elf:1    | Entered Level 1 of the Elven Halls
 38022 | Elf:1    | Reached skill level 16 in Long Blades
 38470 | Elf:1    | Noticed a Hell Sentinel
 38477 | Elf:1    | Received a gift from Trog
 38481 | Elf:1    | Noticed a Tzitzimitl
 40143 | Elf:1    | Noticed an eldritch tentacle
 40181 | Elf:1    | Gained mutation: You have a pair of horns on your head. [demonic ancestry]
 40181 | Elf:1    | Reached XP level 17. HP: 140/140 MP: 26/26
 40927 | Elf:1    | Found a deep blue altar of Sif Muna.
 40964 | Elf:1    | Got a pair of brightly glowing boots
 40965 | Elf:1    | Identified the +2 pair of boots of the Enchanted Forest {MR- Int+3 Slay+3} (You found it on level 1 of the Elven Halls)
 41241 | Elf:2    | Found a huge runed gate.
 41241 | Elf:2    | Found a huge runed gate.
 41241 | Elf:2    | Found a huge runed gate.
 41241 | Elf:2    | Found a huge runed gate.
 41243 | Elf:2    | Found a huge runed gate.
 41654 | Elf:2    | Received a gift from Trog
 42321 | Elf:2    | Noticed Wiglaf
 42336 | Elf:2    | Killed Wiglaf
 42890 | Elf:2    | Reached skill level 17 in Long Blades
 43284 | Elf:2    | Noticed a deep elf blademaster
 43295 | Elf:2    | Killed a deep elf blademaster
 43715 | Elf:2    | Received a gift from Trog
 44053 | Elf:2    | Reached skill level 15 in Fighting
 45162 | Elf:3    | Entered Level 3 of the Elven Halls
 45768 | Elf:3    | Noticed a deep elf blademaster
 45770 | Elf:3    | Noticed a deep elf blademaster
 45787 | Elf:3    | Killed a deep elf blademaster
 45789 | Elf:3    | Noticed a deep elf master archer
 45789 | Elf:3    | Noticed a deep elf master archer
 45808 | Elf:3    | Killed a deep elf blademaster
 46229 | Elf:3    | Killed a ghostly deep elf blademaster
 46229 | Elf:3    | Gained mutation: You are mostly covered in yellow scales (AC +3). [demonic ancestry]
 46229 | Elf:3    | Reached XP level 18. HP: 100/149 MP: 27/27
 46954 | Elf:3    | Reached skill level 15 in Armour
 47227 | Elf:3    | Received a gift from Trog
 47264 | Elf:3    | Noticed a Tzitzimitl
 48045 | Elf:3    | Received a gift from Trog
 48239 | Elf:3    | Got a clouded copper amulet
 48286 | Elf:3    | Got a transparent triple crossbow
 48374 | Elf:3    | Got a coiled silver ring
 48384 | Elf:3    | Got a scorched lead ring
 48547 | Elf:3    | Identified the +10 triple crossbow "Kakicke" {flame, -Tele rPois Int+3 Dex+6} (You found it on level 3 of the Elven Halls)
 48565 | Elf:3    | Identified the amulet of Oblapum {RegenMP rPois Str-3 SInv} (You found it on level 3 of the Elven Halls)
 48568 | Elf:3    | Identified the ring "Anim" {Wiz Stlth+} (You took it off a deep elf elementalist on level 3 of the Elven Halls)
 48569 | Elf:3    | Identified the cursed ring "Leg Ate" {rElec MR+ MP+9 Int-4 Dex-5} (You took it off a deep elf annihilator on level 3 of the Elven Halls)
 48688 | Elf:3    | Noticed a Hell Sentinel
 50201 | Spider:2 | Reached skill level 18 in Long Blades
 50202 | Spider:2 | Received a gift from Trog
 52087 | Spider:4 | Entered Level 4 of the Spider Nest
 52271 | Spider:4 | Received a gift from Trog
 52942 | Spider:4 | Reached XP level 19. HP: 126/157 MP: 29/29
 53447 | Spider:4 | Received a gift from Trog
 53813 | Spider:4 | Received a gift from Trog
 54733 | Spider:4 | Received a gift from Trog
 54770 | Spider:4 | Got a dazzling great sword {god gift}
 54771 | Spider:4 | Identified the +5 great sword "Moraeneu" {freeze, rPois rF+ Str-3 Dex+4} (Trog gifted it to you on level 4 of the Spider Nest)
 55060 | Spider:4 | Got a gossamer rune of Zot
 55348 | Slime:1  | Entered Level 1 of the Pits of Slime
 55475 | Slime:1  | Gained mutation: You tend to lose your temper in combat. [a shining eye]
 55482 | Slime:1  | Gained mutation: You occasionally shout uncontrollably at your foes. [a shining eye]
 56022 | Slime:1  | Gained mutation: You are frail (-10% HP). [a shining eye]
 56024 | Slime:1  | Gained mutation: You often lose your temper in combat. [a shining eye]
 56161 | Slime:1  | Lost mutation: You often lose your temper in combat. [potion of cure mutation]
 56161 | Slime:1  | Lost mutation: You tend to lose your temper in combat. [potion of cure mutation]
 56161 | Slime:1  | Lost mutation: You are frail (-10% HP). [potion of cure mutation]
 56369 | Shoals:1 | Entered Level 1 of the Shoals
 56553 | Shoals:1 | Received a gift from Trog
 56972 | Shoals:3 | Noticed Polyphemus
 57007 | Shoals:2 | Killed Polyphemus
 57007 | Shoals:2 | Reached skill level 19 in Long Blades
 57275 | Shoals:3 | Found Hitimefe's Food Shoppe.
 57289 | Shoals:3 | Found Syrhea's General Store.
 57297 | Shoals:4 | Entered Level 4 of the Shoals
 58897 | Shoals:4 | Noticed Ilsuiw
 58940 | Shoals:4 | Killed Ilsuiw
 59038 | Shoals:4 | Received a gift from Trog
 59209 | Shoals:4 | Reached XP level 20. HP: 98/168 MP: 31/31
 59619 | Shoals:4 | Reached skill level 15 in Evocations
 59631 | Shoals:4 | Got a barnacled rune of Zot
 60459 | Vaults:1 | Entered Level 1 of the Vaults
 60504 | Vaults:1 | Noticed Donald
 60515 | Vaults:1 | Killed Donald
 60731 | Vaults:1 | HP: 1/168 [deep elf archer/arrow (22)]
 61138 | Vaults:1 | Received a gift from Trog
 62862 | Vaults:1 | Received a gift from Trog
 63551 | Vaults:1 | Reached skill level 20 in Long Blades
 63977 | Vaults:2 | Noticed Mara
 63988 | Vaults:2 | Killed Mara
 64099 | Vaults:2 | Found a portal to a secret trove of treasure.
 64225 | Vaults:2 | Received a gift from Trog
 64443 | Vaults:2 | Gained mutation: You have a pair of large horns on your head. [demonic ancestry]
 64443 | Vaults:2 | Reached XP level 21. HP: 111/176 MP: 32/32
 65534 | Vaults:2 | Received a gift from Trog
 65940 | Vaults:2 | Found a staircase to the Crypt.
 65969 | Vaults:2 | Received a gift from Trog
 66911 | Vaults:2 | Found Cujay's Assorted Antiques.
 66921 | Vaults:2 | Bought a steaming ruby amulet for 180 gold pieces
 66921 | Vaults:2 | Identified the amulet of Kifin {Harm *Drain rF++} (You bought it in a shop on level 2 of the Vaults)
 67202 | Vaults:3 | Reached skill level 21 in Long Blades
 67875 | Vaults:3 | Received a gift from Trog
 69063 | Vaults:3 | Noticed Frederick
 69071 | Vaults:3 | Killed Frederick
 69365 | Vaults:3 | Received a gift from Trog
 69417 | Vaults:4 | Noticed Aizul
 69430 | Vaults:4 | Killed Aizul
 70170 | Vaults:4 | Reached XP level 22. HP: 159/184 MP: 34/34
 70775 | Vaults:4 | Found Ostru's Gadget Shop.
 70791 | Vaults:4 | Bought a +2 rod of ignition (9/9) for 960 gold pieces
 70791 | Vaults:4 | Bought a +2 lightning rod (9/9) for 960 gold pieces
 71344 | Crypt:1  | Entered Level 1 of the Crypt
 71597 | Crypt:1  | Reached skill level 22 in Long Blades
 72652 | Crypt:1  | Received a gift from Trog
 73181 | Crypt:2  | HP: 5/185 [reaper/scythe of slicing (13)]
 73181 | Crypt:2  | HP: 1/185 [reaper/scythe of slicing (4)]
 75032 | Crypt:3  | Entered Level 3 of the Crypt
 75522 | Crypt:3  | Found a staircase to the Tomb.
 76353 | Crypt:3  | Reached XP level 23. HP: 190/192 MP: 35/35
 76411 | Crypt:3  | Noticed an ancient lich
 76424 | Crypt:3  | Killed an ancient lich
 76431 | Crypt:3  | Reached skill level 23 in Long Blades
 77081 | Crypt:3  | Found a basalt altar of Yredelemnul.
 77339 | Tomb:1   | Entered Level 1 of the Tomb of the Ancients
 77592 | Tomb:1   | Noticed Boris
 77632 | Tomb:1   | Killed Boris
 77632 | Tomb:1   | Received a gift from Trog
 77701 | Tomb:1   | Noticed Jory
 78141 | Tomb:1   | Killed Jory
 78673 | Tomb:1   | HP: 8/194 [death scarab (12)]
 79263 | Tomb:1   | Noticed a greater mummy
 79272 | Tomb:1   | Killed a greater mummy
 80120 | Tomb:1   | Lost mutation: You occasionally shout uncontrollably at your foes. [potion of cure mutation]
 80151 | Tomb:2   | Noticed a greater mummy
 80151 | Tomb:2   | Noticed a greater mummy
 80151 | Tomb:2   | Noticed a greater mummy
 80274 | Tomb:1   | Noticed a greater mummy
 80287 | Tomb:1   | Killed a greater mummy
 80480 | Tomb:2   | Noticed a greater mummy
 80791 | Tomb:1   | Killed a greater mummy
 80853 | Tomb:1   | Killed a greater mummy
 81454 | Tomb:1   | Noticed a greater mummy
 81470 | Tomb:1   | Killed a greater mummy
 81902 | Tomb:1   | Killed a greater mummy
 81978 | Tomb:1   | Killed a greater mummy
 81978 | Tomb:1   | Reached skill level 24 in Long Blades
 82813 | Tomb:2   | Gained mutation: Your body sometimes deteriorates upon taking damage. [potion of mutation]
 82813 | Tomb:2   | Gained mutation: You expend magic power (3 MP) to strengthen your wands. [potion of mutation]
 82814 | Tomb:2   | Lost mutation: Your body sometimes deteriorates upon taking damage. [potion of cure mutation]
 82814 | Tomb:2   | Lost mutation: You expend magic power (3 MP) to strengthen your wands. [potion of cure mutation]
 82838 | Tomb:2   | Gained mutation: You are somewhat able to resist unholy torments (1 in 2 success). [demonic ancestry]
 82838 | Tomb:2   | Reached XP level 24. HP: 195/202 MP: 35/35
 83132 | Tomb:1   | Noticed a greater mummy
 83442 | Tomb:1   | Noticed a greater mummy
 83445 | Tomb:1   | Noticed a greater mummy
 83451 | Tomb:1   | Killed a greater mummy
 83460 | Tomb:1   | Killed a greater mummy
 83463 | Tomb:1   | HP: 8/202 [death scarab[a greater mummy] (5)]
 83464 | Tomb:1   | HP: 3/202 [death scarab[a greater mummy] (6)]
 83464 | Tomb:1   | Slain by a death scarab

Skill      XL: |  1  2  3  4  5  6  7  8  9 10 11 12 13 14 15 16 17 18 19 20 21 22 23 |
---------------+----------------------------------------------------------------------+-----
Long Blades    | 3 4 5 6 7 8 10 11 12 14 15 16 17 18 19 20 21 22 24 | 24.1
Armour         | 2 3 4 5 7 8 9 10 11 12 13 14 16 17 18 | 18.0
Dodging        | 2 3 4 5 6 7 8 |  8.5
Fighting       | 4 5 6 7 8 9 10 11 12 13 14 15 16 17 18 19 | 19.5
Shields        | 1 2 3 4 5 |  5.3
Evocations     | 4 6 8 10 11 12 13 14 15 16 17 | 17.4
Slings         | 2 |  2.0
Short Blades   | 1 |  1.0
Stealth        | |  0.6

Action                   |  1- 3 |  4- 6 |  7- 9 | 10-12 | 13-15 | 16-18 | 19-21 | 22-24 || total
-------------------------+-------+-------+-------+-------+-------+-------+-------+-------++-------
Melee: Falchion          |   136 |   274 |   544 |    59 |       |       |       |       ||  1013
       Headbutt          |       |       |    91 |   207 |   411 |   349 |   555 |   422 ||  2035
       Scimitar          |       |       |       |   755 |   403 |   124 |       |       ||  1282
       Long sword        |       |       |       |    37 |       |       |       |       ||    37
       Quick blade       |       |       |       |   134 |       |       |       |       ||   134
       Demon blade       |       |       |       |       |   294 |   299 |    26 |       ||   619
       Double sword      |       |       |       |       |  1310 |  1219 |  1988 |  1557 ||  6074
 Fire: Greatsling        |       |       |       |     4 |       |       |       |       ||     4
       Hunting sling     |       |       |       |    20 |     3 |       |       |       ||    23
Throw: Stone             |       |       |       |       |     3 |     1 |       |       ||     4
Invok: Berserk           |       |     3 |    11 |    11 |     6 |     4 |     6 |    12 ||    53
       Trog's Hand       |       |       |     1 |     2 |     3 |     7 |     7 |     5 ||    25
       Burn Spellbooks   |       |       |     1 |     1 |     7 |     6 |     3 |     2 ||    20
       Brothers in Arms  |       |       |       |     1 |       |     3 |       |     1 ||     5
Evoke: Disc of storms    |       |       |       |     4 |     4 |    21 |     8 |       ||    37
       Rod               |       |       |       |       |     5 |     7 |     3 |     1 ||    16
       Deck              |       |       |       |       |     3 |     5 |       |     2 ||    10
       Wand              |       |       |       |       |     1 |     5 |     7 |     1 ||    14
       Phial of floods   |       |       |       |       |       |     2 |       |       ||     2
       Box of beasts     |       |       |       |       |       |     1 |       |       ||     1
       Lamp of fire      |       |       |       |       |       |       |     2 |       ||     2
  Use: Scroll            |       |       |       |    25 |    17 |    22 |    12 |     7 ||    83
       Potion            |       |       |       |     2 |     2 |     7 |     7 |     9 ||    27
 Stab: Distracted        |       |       |       |       |     1 |       |       |       ||     1
  Eat: Chunk             |     4 |    10 |    29 |    27 |    47 |    25 |    34 |     3 ||   179
       Beef jerky        |       |     1 |     1 |       |     2 |     5 |     4 |       ||    13
       Fruit             |       |       |       |     9 |     9 |    28 |    25 |       ||    71
       Pizza             |       |       |       |     1 |     4 |     3 |       |     1 ||     9
       Royal jelly       |       |       |       |     1 |       |     1 |       |     1 ||     3
       Meat ration       |       |       |       |     1 |       |       |       |     1 ||     2
       Bread ration      |       |       |       |       |       |     1 |     1 |    12 ||    14
Armor: Animal skin       |     1 |       |       |       |       |       |       |       ||     1
       Scale mail        |    70 |    17 |       |       |       |       |       |       ||    87
       Chain mail        |       |   143 |   200 |       |       |       |       |       ||   343
       Plate armour      |       |       |    79 |   761 |  1290 |  1352 |  1757 |  1160 ||  6399
Dodge: Dodged            |    65 |   110 |   204 |   458 |   786 |   758 |   929 |   685 ||  3995
Block: Buckler           |    16 |    36 |   125 |   274 |   648 |   581 |   701 |   612 ||  2993
